 Dungeon Crawl Stone Soup version 0.32-a0-699-g1ee5eff69a (webtiles) character file.

Game seed: 10133143773674245130

395078 croobank the Royal Jelly (level 22, -6/214 HPs)
             Began as a Gnoll Shapeshifter on Mar 12, 2024.
             Was the Champion of Jiyva.
             Mangled by a vault guard
             ... wielding a +0 long sword
             ... led by a vault warden
              (10 damage)
             ... on level 4 of the Vaults on Mar 13, 2024.
             The game lasted 04:01:15 (48265 turns).

croobank the Royal Jelly (Gnoll Shapeshifter)      Turns: 48265, Time: 04:01:16

Health: -6/214     AC: 12    Str: 21    XL:     22   Next: 18%
Magic:  38/41      EV: 23    Int: 16    God:    Jiyva [******]
Gold:   747        SH:  0    Dex: 17    Spells: 5/51 levels left

rFire   + .          .
                       - Unarmed
rCold   . . .        (shield currently unavailable)
rNeg    + + .        s - melded +1 robe {rC+ rF+}
rPois   +            (helmet currently unavailable)
rElec   .            (cloak currently unavailable)
rCorr   +            (gloves currently unavailable)
SInv    .            (boots currently unavailable)
Will    ++...        K - amulet of magic regeneration
Stlth   ++++++       n - +5 ring of evasion
HPRegen 2.15/turn    D - ring of willpower
MPRegen 1.47/turn

%: no passive effects
@: snake-form, studying Fighting, invisible
A: constrict, boosted hp, large, (fangs 1), strong nose, distributed training,
(iridescent scales 2), sense surroundings 1, (acidic bite), (eyeballs 1),
(gelatinous body 3), (translucent skin 1), (tendrils), MP-powered wands, (sturdy
frame 2), (engulf)
}: 4/15 runes: decaying, slimy, abyssal, gossamer
a: Begin Untransformation, Renounce Religion, Oozemancy, Slimify


You were on level 4 of the Vaults.
You worshipped Jiyva.
Jiyva was exalted by your worship.
You were an enormous serpent.
You visited 8 branches of the dungeon, and saw 42 of its levels.
You visited the Abyss 1 time.
You visited 1 bazaar.
You also visited: Sewer, Bailey, Gauntlet and Ice Cave.

You collected 2807 gold pieces.
You spent 2060 gold pieces at shops.

Inventory:

Hand Weapons
 G - a +6 war axe of flaming
 M - a +4 demon blade of freezing
Armour
 a - a +0 helmet of see invisible
 c - quicksilver dragon scales
 m - a scarf of invisibility
 s - a +1 robe of resistance (melded)
 F - the +1 cloak of Icsempi {rCorr}
   (You found it in a Gauntlet)

   rCorr:     It protects you from acid and corrosion.
 N - the crystal ball of Wucad Mu {*channel}
   (You took it off a deep elf death mage on level 3 of the Elven Halls)

   *Channel:  It often returns the magic spent to cast spells, but lowers their
   success rate.
   It always returns the magic spent on miscasts.
 Z - a +3 buckler of protection
Jewellery
 f - a ring of positive energy
 h - a ring of see invisible
 n - a +5 ring of evasion (left hand)
 o - an amulet of regeneration
 u - a ring of protection from cold
 v - the ring "Toisih Leys" {rPois Dex+3}
   (You took it off a deep elf sorcerer on level 3 of the Elven Halls)

   [ring of poison resistance]

   Dex+3:     It affects your dexterity (+3).
   rPois:     It protects you from poison.
 D - a ring of willpower (right hand)
 E - a ring of magical power
 K - an amulet of magic regeneration (around neck)
 Q - the ring "Ettocaes" {rC+ Str+6 Dex+3}
   (You found it on level 5 of the Pits of Slime)

   [ring of strength]

   Str+6:     It affects your strength (+6).
   Dex+3:     It affects your dexterity (+3).
   rC+:       It protects you from cold.
 R - the ring "Burphisk" {rC++ Will+ Str+4 Int-4 Stlth+}
   (You found it on level 5 of the Pits of Slime)

   [ring of willpower]

   Str+4:     It affects your strength (+4).
   Int-4:     It affects your intelligence (-4).
   rC++:      It greatly protects you from cold.
   Will+:     It increases your willpower.
   Stlth+:    It makes you more stealthy.
 U - a +6 ring of strength
Talismans
 d - a flux talisman
 J - the serpent talisman "Vatheif" (active) {rF+ rN++ Dex+3}
   (You took it off Aizul on level 2 of the Spider Nest)

   [serpent talisman]

   Dex+3:     It affects your dexterity (+3).
   rF+:       It protects you from fire.
   rN++:      It greatly protects you from negative energy.
 V - a granite talisman
Wands
 t - a wand of flame (70)
 C - a wand of charming (17)
 O - a wand of digging (7)
 S - a wand of polymorph (15)
 T - a wand of light (10)
 X - a wand of iceblast (16)
Scrolls
 e - 7 scrolls of fear
 i - 2 scrolls of blinking
 j - 4 scrolls of vulnerability
 p - 5 scrolls of teleportation
 x - 2 scrolls of fog
 H - 2 scrolls of immolation
 L - a scroll of silence
 W - 9 scrolls of identify
Potions
 b - 3 potions of lignification
 g - 5 potions of curing
 k - a potion of mutation
 r - 5 potions of magic
 w - 5 potions of attraction
 y - a potion of heal wounds
 B - a potion of resistance
 P - 4 potions of brilliance
Miscellaneous
 z - a phantom mirror
 I - a lightning rod (4/4)
 Y - a box of beasts


   Skills:
 + Level 16.4 Fighting
 + Level 15.4 Short Blades
 + Level 15.4 Long Blades
 + Level 15.4 Axes
 + Level 15.4 Maces & Flails
 + Level 15.4 Polearms
 + Level 15.4 Staves
 + Level 15.4 Ranged Weapons
 + Level 15.4 Throwing
 + Level 15.4 Armour
 + Level 16.0 Dodging
 + Level 15.4 Stealth
 + Level 15.4 Shields
 + Level 16.5 Unarmed Combat
 + Level 15.4 Spellcasting
 + Level 13.1 Conjurations
 + Level 13.1 Hexes
 + Level 13.1 Summonings
 + Level 13.1 Necromancy
 + Level 13.1 Translocations
 + Level 13.1 Fire Magic
 + Level 13.1 Ice Magic
 + Level 13.1 Air Magic
 + Level 13.1 Earth Magic
 + Level 13.1 Alchemy
 + Level 16.6 Invocations
 + Level 15.4 Evocations
 + Level 15.5 Shapeshifting


You had 5 spell levels left.
You knew the following spells:

 Your Spells              Type           Power      Damage    Failure   Level
a - Malign Gateway        Summ/Tloc      26%        N/A       21%         7
b - Scorch                Fire           100%       2d9       1%          2
c - Flame Wave            Conj/Fire      53%        2d13      1%          4
d - Summon Blazeheart Go  Fire/Summ      53%        N/A       1%          4
e - Summon Lightning Spi  Summ/Air       53%        N/A       1%          4
f - Airstrike             Air            26%        2d(4-20)  1%          4
g - Summon Forest         Summ/Tloc      26%        N/A       1%          5
h - Summon Cactus Giant   Summ           26%        N/A       3%          6
B - Blink                 Tloc           100%       N/A       1%          2
M - Mephitic Cloud        Conj/Alch/Air  53%        N/A       1%          3
Y - Yara's Violent Unrav  Hex/Alch       26%        3d11      1%          5

Your spell library contained the following spells:

 Spells                   Type           Power      Damage    Failure   Level
 Magic Dart               Conj           100%       1d8       1%          1
 Shock                    Conj/Air       100%       1d9       1%          1
 Sting                    Conj/Alch      100%       1d9       1%          1
 Summon Small Mammal      Summ           100%       N/A       1%          1
 Call Imp                 Summ           100%       N/A       1%          2
 Lesser Beckoning         Tloc           100%       N/A       1%          2
 Mercury Vapours          Alch/Air       100%       N/A       1%          2
 Static Discharge         Conj/Air       100%       3-8/arc   1%          2
 Sublimation of Blood     Necr           53%        N/A       1%          2
 Call Canine Familiar     Summ           53%        N/A       1%          3
 Frozen Ramparts          Ice            100%       1d16      1%          3
 Fugue of the Fallen      Necr           53%        N/A       1%          3
 Gell's Gravitas          Tloc           53%        N/A       1%          3
 Ozocubu's Armour         Ice            53%        N/A       1%          3
 Swiftness                Air            53%        N/A       1%          3
 Teleport Other           Tloc           53%        N/A       1%          3
 Tukima's Dance           Hex            53%        N/A       1%          3
 Vampiric Draining        Necr           53%        2d9       1%          3
 Volatile Blastmotes      Fire/Tloc      100%       2d18      1%          3
 Animate Dead             Necr           53%        N/A       1%          4
 Brom's Barrelling Bould  Conj/Erth      53%        2d7       1%          4
 Leda's Liquefaction      Alch/Erth      26%        N/A       1%          4
 Manifold Assault         Tloc           53%        N/A       1%          4
 Olgreb's Toxic Radiance  Alch           53%        N/A       1%          4
 Passage of Golubria      Tloc           53%        N/A       1%          4
 Petrify                  Alch/Erth      53%        N/A       1%          4
 Vhi's Electric Charge    Tloc/Air       100%       N/A       1%          4
 Arcjolt                  Conj/Air       26%        1d36      1%          5
 Fireball                 Conj/Fire      26%        3d12      1%          5
 Freezing Cloud           Conj/Ice/Air   26%        6-21      1%          5
 Irradiate                Conj/Alch      26%        3d20      1%          5
 Iskenderun's Battlesphe  Conj           53%        2d10      1%          5
 Metabolic Englaciation   Hex/Ice        26%        N/A       1%          5
 Silence                  Hex/Air        26%        N/A       1%          5
 Conjure Ball Lightning   Conj/Air       26%        3x3d7     3%          6
 Dispersal                Tloc           26%        N/A       3%          6
 Eringya's Noxious Bog    Alch           26%        4d6       3%          6
 Permafrost Eruption      Ice/Erth       26%        2x4d8     3%          6
 Sculpt Simulacrum        Ice/Alch       26%        N/A       3%          6
 Orb of Destruction       Conj           26%        9d9       21%         7
 Ozocubu's Refrigeration  Ice            26%        4d13      21%         7
 Spellforged Servitor     Conj/Summ      26%        N/A       21%         7
 Summon Hydra             Summ           26%        N/A       21%         7
 Borgnjor's Revivificati  Necr           26%        N/A       85%         8
 Discord                  Hex            26%        N/A       85%         8
 Disjunction              Tloc           26%        N/A       85%         8
 Lehudib's Crystal Spear  Conj/Erth      26%        10d7      85%         8
 Maxwell's Capacitive Co  Air            26%        ∞         85%         8
 Chain Lightning          Conj/Air       26%        3d35      100%        9
 Fire Storm               Conj/Fire      26%        8d7       100%        9
 Polar Vortex             Ice            26%        12d3*     100%        9
 Shatter                  Erth           26%        3d22*     100%        9


Dungeon Overview and Level Annotations

Branches:
Dungeon (15/15)            Temple (0/1) D:4            Lair (5/5) D:9
  Swamp (4/4) Lair:3       Spider (4/4) Lair:2        Slime (5/5) Lair:5
    Orc (2/2) D:10            Elf (3/3) Orc:2        Vaults (4/5) D:14
  Crypt (0/3) Vaults:2     Depths (0/4) D:15          Sewer (visited)
 Bailey (visited)           IceCv (visited)         Gauntlet (visited)

Altars:
Cheibriados
Fedhas
Gozag
Kikubaaqudgha
Trog
Vehumet
The Shining One
Jiyva

Shops:
D:8 [   D:9 :*=(   D:15 (   Orc:1 [   Orc:2 [[:[   Elf:1 [[   Elf:2 ::=
Elf:3 ?

Annotations:
D:9 6 transporters
Swamp:1 3 runed translucent doors, Leufodd's ghost, adept VSCK; Vioczuc's ghost, adept TrCK
Slime:5 Royal Jelly


Innate Abilities, Weirdness & Mutations

You are an enormous serpent.
You have a powerful constriction melee attack.
Your maximum health is increased.
Your armour is entirely melded.
You are incapable of wielding weapons or throwing items.
((You have very sharp teeth.))
Your uncanny sense of smell can sniff out nearby items.
Your experience applies equally to all skills.
((You are mostly covered in iridescent scales. (AC +4)))
You passively map a small area around you.
((You have acidic saliva.))
((Your body has grown eyes which may confuse attackers. (Acc +3)))
((Your gelatinous body deflects attacks. (AC +3, EV +3)))
((Your translucent skin slightly reduces your foes' accuracy. (Stealth+)))
((You are covered in slimy tendrils that may disarm your opponents.))
You expend magic power (3 MP) to strengthen your wands.
((Your movements are less encumbered by armour. (ER -4)))
((Your melee attacks may engulf your foes in ooze.))


Message History

Casting: Malign Gateway (dangerous; 21% risk of failure)
Confirm with . or Enter, or press ? or * to list all spells.
Aiming: Mephitic Cloud (safe; 1% risk of failure)
Press: ? - help, Shift-Dir - straight line, f - deep troll
Aim: a deep troll (chance to affect: 53%)
The ball explodes into a vile cloud!
The stinking cloud engulfs the deep troll.
The stinking cloud engulfs you.
The stinking cloud engulfs the vault guard.
The vault guard is moderately wounded.
The stinking cloud engulfs the vault warden.
You hear a shout!
The vault warden hits you from afar with a +0 glaive.
* * * LOW HITPOINT WARNING * * *
The deep troll is engulfed in noxious fumes.
The deep troll completely misses you.
The deep troll claws you but does no damage.
The deep troll misses you.
The vault guard hits you but does no damage.
The vault guard hits your eldritch tentacle with a +0 battleaxe of venom!!
With a roar, the tentacle is hauled back through the portal!
You hear a shout!
Casting: Mephitic Cloud (safe; 1% risk of failure)
Confirm with . or Enter, or press ? or * to list all spells.
Aiming: Mephitic Cloud (safe; 1% risk of failure)
Press: ? - help, Shift-Dir - straight line, f/p - deep troll
Aim: a deep troll (noxious fumes, chance to affect: 53%)
The ball explodes into a vile cloud!
The stinking cloud engulfs the deep troll.
The stinking cloud engulfs you.
The stinking cloud engulfs the vault guard.
The vault guard is moderately wounded.
The stinking cloud engulfs the vault warden.
You feel less fragile.
An ironbound thunderhulk comes into view.
It is wielding a +0 dire flail.
The vault warden hits you from afar with a +0 glaive!!
* * * LOW HITPOINT WARNING * * *
The vault guard hits you with a +0 long sword!
You die...
Jiyva sends a jelly to digest your remains.

, ,, ,, , * , ,, ,* *
###################♣♣#♣♣
.....$........).....♣p..
,
.......☼.§.p.p..[...p...
,
.......ST§)).$O....[.[..
,
.......§pp..........T...
.................$).pc..
####+##+##########♣♣♣♣#♣
*, * * #....... *, * , *
♣.<..... , * * #.......
* , #.♣..... * ##......


You could see a vault warden, an ironbound thunderhulk (unable to see you), 2
vault guards, a deep troll and an arcanist (unable to see you).

Vanquished Creatures
  Nikola (Swamp:4)
  Rupert (Orc:2)
  Jorgrun (Orc:2)
  Mlioglotl (Spider:2)
  2 deep elf master archers (Elf:3)
  A sphinx (Vaults:2)
  A deep elf blademaster (Elf:3)
  Asterion (Vaults:1)
  Gastronok (D:12)
  Agnes (Spider:2)
  A tentacled starspawn (Abyss:4)
  2 thorn hunters (Swamp:2)
  Kirke (Lair:5)
  Donald (Orc:1)
  Roxanne (Elf:1)
  2 deep elf sorcerers (Elf:3)
  A fenstrider witch (Swamp:1)
  3 emperor scorpions
  A vault warden (Vaults:3)
  Louise (Elf:2)
  A curse skull (Vaults:2)
  2 deep elf elementalists
  2 orc warlords
  3 broodmothers
  4 very ugly things
  7 ironbound preservers
  2 ironbound thunderhulks
  2 deep elf demonologists (Elf:3)
  4 deep elf death magi
  6 deep elf annihilators (Elf:3)
  An eleionoma (Swamp:3)
  3 dire elephants
  A spark wasp (Spider:4)
  Azrael (Spider:3)
  8 bunyips
  Snorg (D:12)
  6 deep elf high priests
  2 shambling mangroves (Swamp:2)
  A rakshasa (D:15)
  An entropy weaver (Spider:3)
  2 yaktaur captains (Vaults:3)
  8 hydras
  A ghost crab (Swamp:3)
  3 ironbound frosthearts
  6 boulder beetles
  7 vault guards
  A radroach (Spider:1)
  9 centaur warriors
  2 catoblepae (Lair:4)
  15 dancing weapons
  2 ogre magi (Orc:2)
  3 death yaks (Lair:4)
  Erica (D:9)
  12 two-headed ogres
  A vampire mage (Vaults:2)
  8 demonic crawlers
  2 tengu warriors (D:15)
  An orc high priest (Elf:3)
  12 nameless horrors
  4 skeletal warriors (D:15)
  12 deep elf knights
  5 spriggans
  A wretched star (Abyss:4)
  3 skysharks
  An iron troll (Orc:2)
  Amaemon (Lair:2)
  3 pharaoh ants (Spider:3)
  29 deep trolls
  2 goliath frogs (Swamp:1)
  5 orb spiders
  2 spectral death yaks (Lair:5)
  A spectral anaconda (Lair:5)
  5 steelbarb worms
  3 sun moths
  2 swamp dragons
  6 bog bodies
  3 arcanists
  6 deep elf archers
  An obsidian statue (Lair:5)
  A harpy (shapeshifter) (D:15)
  3 spriggan druids
  5 necromancers
  5 ironbound convokers
  A phantasmal warrior (Vaults:2)
  11 lindwurms
  A thermic dynamo (Elf:3)
  16 deep elf pyromancers
  2 orc knights
  A human zombie (Vaults:3)
  An orc sorcerer (Elf:3)
  14 deep elf zephyrmancers
  16 wolf spiders
  6 cyclopes
  2 oklob plants (Swamp:2)
  3 moths of wrath
  4 will-o-the-wisps
  20 ugly things
  A worldbinder (Abyss:4)
  4 manticores
  3 large abominations
  9 meliai
  A kobold blastminer (Orc:1)
  12 elephants
  5 vault sentinels
  An ice statue (IceCv)
  4 torpor snails
  3 black mambas
  8 cane toads
  2 gargoyles
  Maggie (Lair:2)
  A smoke demon (Abyss:4)
  An orange demon (Lair:2)
  2 unseen horrors
  10 ice devils (IceCv)
  4 komodo dragons
  3 freezing wraiths (IceCv)
  2 anaconda simulacra (IceCv)
  6 yaktaurs
  A tengu conjurer (D:14)
  A queen bee (D:13)
  A polar bear (Lair:3)
  13 trolls
  9 tarantellas
  9 tyrant leeches
  11 hornets
  24 blink frogs
  A raiju (shapeshifter) (Elf:3)
  A centaur simulacrum (D:15)
  10 jumping spiders
  15 culicivoras
  2 air elementals
  3 shadows (Swamp:4)
  4 wyverns
  A vampire (D:9)
  A water elemental (Elf:3)
  A wraith (D:10)
  2 dire elephant simulacra (IceCv)
  3 starcursed masses (Abyss:4)
  66 yaks
  3 wargs
  A fire bat (Lair:2)
  A basilisk (D:13)
  A hog (Lair:5)
  5 death yak simulacra
  A neqoxec (Abyss:4)
  A fire elemental (Spider:3)
  37 redbacks
  A spectral cane toad (Lair:5)
  3 vampire mosquitoes
  A chaos spawn (Abyss:4)
  4 steam dragons
  A small abomination (Swamp:4)
  An acid dragon (D:8)
  A harpy simulacrum (IceCv)
  4 hydra simulacra (IceCv)
  7 swamp worms
  17 water moccasins
  2 hell hounds (Lair:4)
  15 orc warriors
  2 swamp drakes
  2 elephant zombies (Lair:5)
  4 ice beasts
  3 sky beasts
  17 ogres
  A black bear (Lair:1)
  An elephant skeleton (Lair:5)
  4 laughing skulls (Abyss:4)
  5 centaurs
  21 wolves
  2 phantoms
  A kobold brigand (D:10)
  2 weeping skulls (Abyss:4)
  13 bullfrogs
  A gnoll sergeant (D:13)
  A two-headed ogre simulacrum (IceCv)
  2 scorpions
  4 cane toad simulacra (IceCv)
  18 wights
  8 elephant simulacra
  12 killer bees
  6 howler monkeys
  An electric eel (Lair:3)
  3 bombardier beetles
  2 hounds
  8 jellies
  8 orc priests
  A gnoll bouda (D:6)
  Jessica (D:2)
  12 orc wizards
  2 sleepcaps
  4 iguanas
  2 spriggan simulacra (IceCv)
  A troll simulacrum (IceCv)
  2 polar bear simulacra (IceCv)
  2 wolf simulacra (IceCv)
  6 gnolls
  5 adders
  A river rat (Sewer)
  2 shadow imps
  4 white imps
  2 ufetubi (D:6)
  A ribbon worm (Sewer)
  3 dart slugs
  47 orcs
  10 endoplasms
  7 giant cockroaches
  12 goblins
  11 hobgoblins
  3 jackals (D:3)
  6 quokkas
  10 ball pythons
  A bat (D:2)
  5 frilled lizards
  3 rats
  2 snaplasher vines
  A starspawn tentacle (Abyss:4)
1076 creatures vanquished.

Vanquished Creatures (collateral kills)
  A tentacled monstrosity (Swamp:4)
  A deep elf blademaster (Elf:2)
  A sphinx (Vaults:3)
  A tengu reaver (Vaults:3)
  2 tentacled starspawn (Abyss:4)
  Aizul (Spider:2)
  2 vault wardens
  An emperor scorpion (Spider:4)
  An orc warlord (Vaults:1)
  A deep elf elementalist (Elf:3)
  3 deep elf sorcerers (Elf:3)
  8 ironbound preservers
  An ironbound thunderhulk (Vaults:4)
  A very ugly thing (Swamp:4)
  A stone giant (D:15)
  4 deep elf annihilators (Elf:3)
  A bunyip (Swamp:4)
  An eleionoma (Swamp:3)
  A minotaur (Gauntlet)
  6 dire elephants
  2 war gargoyles (Vaults:4)
  2 entropy weavers
  A shambling mangrove (Swamp:2)
  A deep elf high priest (Elf:3)
  5 vault guards
  A ghost crab (Swamp:1)
  3 yaktaur captains
  A hell beast (Gauntlet)
  An ogre mage (Orc:2)
  2 boulder beetles
  A hydra (Swamp:4)
  2 catoblepae
  A peacekeeper (Vaults:4)
  4 ironbound frosthearts
  6 centaur warriors
  2 radroaches (Spider:1)
  15 dancing weapons
  A tengu warrior (D:15)
  3 demonic crawlers
  9 deep elf knights
  2 spriggans (Swamp:1)
  A titan skeleton (Abyss:4)
  A pharaoh ant (Spider:1)
  2 spriggan druids (Swamp:1)
  2 goliath frogs
  13 orb spiders
  18 deep trolls
  4 bog bodies
  A swamp dragon (Swamp:4)
  An arcanist (Vaults:2)
  A large abomination (Abyss:4)
  3 thermic dynamos
  2 lindwurms (Vaults:1)
  7 deep elf archers
  2 steelbarb worms
  2 orc knights (Vaults:2)
  2 ironbound convokers
  11 deep elf zephyrmancers
  4 necromancers
  A human zombie (Vaults:3)
  11 deep elf pyromancers
  13 ugly things
  6 wolf spiders
  4 will-o-the-wisps
  2 moths of wrath
  A manticore (D:14)
  2 meliai
  11 vault sentinels
  2 kobold blastminers (Orc:2)
  2 torpor snails
  13 yaktaurs
  An orange demon (Swamp:4)
  An elf skeleton (Vaults:3)
  2 tengu conjurers
  A troll (Elf:3)
  A troll (shapeshifter) (Abyss:4)
  A tyrant leech (Swamp:2)
  5 tarantellas
  A bloated husk (Swamp:3)
  A merfolk (Vaults:3)
  2 hornets (Swamp:1)
  4 nameless horrors
  20 jumping spiders
  7 culicivoras
  A shadow (Swamp:4)
  A fire elemental (Spider:3)
  A warg (Elf:3)
  23 redbacks
  A vampire mosquito (Swamp:1)
  5 swamp worms
  8 hell hounds
  2 orc warriors
  4 ogres
  2 starcursed masses (Abyss:4)
  7 wolves (Gauntlet)
  4 killer bees (D:13)
  A crimson imp (Abyss:4)
  A jelly (Orc:1)
  5 orc priests
  2 orc wizards
  A gnoll (D:13)
  15 orcs
  A snaplasher vine (Elf:2)
  2 spectral weapons (Vaults:1)
383 creatures vanquished.

Vanquished Creatures (others)
  28 eldritch tentacles
  4 formless jellyfish
  An ironbound preserver (Vaults:4)
  2 dire elephants (Vaults:3)
  A starcursed mass (Abyss:4)
  A green death (Swamp:4)
  An entropy weaver (Vaults:3)
  2 yaktaur captains (Vaults:4)
  8 great orbs of eyes
  A centaur warrior (Vaults:4)
  A death yak (Lair:5)
  A deep elf knight (Spider:2)
  An arcanist (Vaults:1)
  A goliath frog (Swamp:1)
  4 glowing orange brains
  2 spriggan druids (Elf:1)
  A bog body (Swamp:4)
  A deep elf pyromancer (Elf:1)
  A dancing weapon (Orc:2)
  A deep elf zephyrmancer (Elf:1)
  A manticore (D:12)
  A cyclops (D:12)
  An ugly thing (Vaults:1)
  An elephant (Lair:3)
  A vault sentinel (Vaults:3)
  A smoke demon (Abyss:4)
  An unseen horror (D:13)
  4 yaktaurs
  3 bloated husks
  A troll (D:12)
  A tarantella (Spider:3)
  A blink frog (Lair:1)
  27 slime creatures
  A jumping spider (Spider:3)
  A shadow (D:13)
  A fire bat (shapeshifter) (Elf:1)
  A yak (D:9)
  A basilisk (shapeshifter) (Elf:2)
  A wraith (D:11)
  2 fire elementals (Elf:1)
  A human (Lair:5)
  2 neqoxecs (Abyss:4)
  A swamp worm (shapeshifter) (Vaults:4)
  An orc warrior (D:12)
  An ice beast (shapeshifter) (Elf:1)
  An ogre (Orc:2)
  A brain worm (Abyss:4)
  348 jellies
  3 howler monkeys (D:10)
  2 orc priests
  7 orc wizards
  A wolf simulacrum (IceCv)
  A gnoll (D:5)
  An ufetubus (D:6)
  A dart slug (D:4)
  14 orcs
  An endoplasm (D:4)
  A giant cockroach (D:4)
  57 blazeheart cores
  26 foxfires
  A lurking horror (Abyss:4)
  27 snaplasher vines
  18 starspawn tentacles (Abyss:4)
632 creatures vanquished.

Grand Total: 2091 creatures vanquished

Notes
Turn   | Place    | Note
-------+----------+-------------------------------------------
     0 | D:1      | croobank the Gnoll Shapeshifter began the quest for the
                  | Orb.
     0 | D:1      | Reached XP level 1. HP: 17/17 MP: 1/1
   208 | D:1      | Reached XP level 2. HP: 18/23 MP: 2/2
   895 | D:2      | Noticed Jessica
   901 | D:2      | Killed Jessica
   902 | D:2      | Reached skill level 1 in Invocations
   902 | D:2      | Reached XP level 3. HP: 24/28 MP: 2/4
   950 | D:2      | Reached skill level 1 in Short Blades
   950 | D:2      | Reached skill level 1 in Long Blades
   950 | D:2      | Reached skill level 1 in Axes
   950 | D:2      | Reached skill level 1 in Maces & Flails
   950 | D:2      | Reached skill level 1 in Polearms
   950 | D:2      | Reached skill level 1 in Staves
   950 | D:2      | Reached skill level 1 in Ranged Weapons
   950 | D:2      | Reached skill level 1 in Throwing
   950 | D:2      | Reached skill level 1 in Armour
   950 | D:2      | Reached skill level 1 in Stealth
   950 | D:2      | Reached skill level 1 in Shields
   950 | D:2      | Reached skill level 1 in Spellcasting
   950 | D:2      | Reached skill level 1 in Evocations
  1086 | D:2      | Reached XP level 4. HP: 34/34 MP: 5/5
  1172 | D:2      | Reached skill level 1 in Conjurations
  1172 | D:2      | Reached skill level 1 in Hexes
  1172 | D:2      | Reached skill level 1 in Summonings
  1172 | D:2      | Reached skill level 1 in Necromancy
  1172 | D:2      | Reached skill level 1 in Translocations
  1172 | D:2      | Reached skill level 1 in Fire Magic
  1172 | D:2      | Reached skill level 1 in Ice Magic
  1172 | D:2      | Reached skill level 1 in Air Magic
  1172 | D:2      | Reached skill level 1 in Earth Magic
  1172 | D:2      | Reached skill level 1 in Alchemy
  1612 | D:3      | Found a bloodstained altar of Trog.
  1778 | D:3      | Reached XP level 5. HP: 40/40 MP: 7/7
  1832 | D:3      | Found a glowing drain.
  1861 | Sewer    | Entered a sewer
  2660 | Sewer    | Reached XP level 6. HP: 38/47 MP: 8/8
  2856 | Sewer    | Found a viscous altar of Jiyva.
  2888 | Sewer    | Reached skill level 5 in Dodging
  2994 | Sewer    | Became a worshipper of Jiyva Jeiver the Shapeless
  3578 | D:4      | Reached * piety under Jiyva
  3860 | D:4      | Found a staircase to the Ecumenical Temple.
  4330 | D:5      | Entered Level 5 of the Dungeon
  4330 | D:5      | Reached ** piety under Jiyva
  4389 | D:5      | Reached XP level 7. HP: 51/52 MP: 10/10
  4783 | D:4      | Reached XP level 8. HP: 60/60 MP: 12/12
  4958 | D:5      | Found a snail-covered altar of Cheibriados.
  4959 | D:5      | Found a blossoming altar of Fedhas.
  5147 | D:6      | Reached *** piety under Jiyva
  5147 | D:6      | Gained mutation: Your mind is acute. (Int +4, Str/Dex -1)
                  | [Jiyva's grace]
  5147 | D:6      | Gained mutation: Your mind is very acute. (Int +8, Str/Dex
                  | -2) [Jiyva's grace]
  5147 | D:6      | Gained mutation: You are partially covered in iridescent
                  | scales. (AC +2) [Jiyva's grace]
  5147 | D:6      | Gained mutation: You are mostly covered in iridescent
                  | scales. (AC +4) [Jiyva's grace]
  5292 | D:6      | Identified the +7 dagger of Poverty {freeze, ^Contam rF-
                  | Int+8 Stlth+}
  5512 | D:6      | Reached XP level 9. HP: 62/67 MP: 12/14
  5727 | D:6      | Reached skill level 5 in Fighting
  5855 | D:7      | Found a flagged portal.
  5875 | Bailey   | Entered a bailey
  5974 | Bailey   | Reached skill level 5 in Invocations
  5992 | Bailey   | Noticed an orc knight
  5993 | Bailey   | Found a large runed translucent door.
  5993 | Bailey   | Found a large runed translucent door.
  6052 | D:7      | Reached **** piety under Jiyva
  6366 | D:7      | Reached ***** piety under Jiyva
  6761 | D:7      | Reached skill level 5 in Short Blades
  6761 | D:7      | Reached skill level 5 in Long Blades
  6761 | D:7      | Reached skill level 5 in Axes
  6761 | D:7      | Reached skill level 5 in Maces & Flails
  6761 | D:7      | Reached skill level 5 in Polearms
  6761 | D:7      | Reached skill level 5 in Staves
  6761 | D:7      | Reached skill level 5 in Ranged Weapons
  6761 | D:7      | Reached skill level 5 in Throwing
  6761 | D:7      | Reached skill level 5 in Armour
  6761 | D:7      | Reached skill level 5 in Stealth
  6761 | D:7      | Reached skill level 5 in Shields
  6761 | D:7      | Reached skill level 5 in Spellcasting
  6761 | D:7      | Reached skill level 5 in Evocations
  6761 | D:7      | Reached XP level 10. HP: 76/76 MP: 17/17
  6777 | D:7      | Lost mutation: Your mind is very acute. (Int +8, Str/Dex
                  | -2) [Jiyva's grace]
  6777 | D:7      | Gained mutation: You are covered in slimy tendrils that may
                  | disarm your opponents. [Jiyva's grace]
  6777 | D:7      | Gained mutation: You are agile. (Dex +4, Str/Int -1)
                  | [Jiyva's grace]
  6777 | D:7      | Gained mutation: You are very agile. (Dex +8, Str/Int -2)
                  | [Jiyva's grace]
  6777 | D:7      | Gained mutation: Your translucent skin slightly reduces
                  | your foes' accuracy. (Stealth+) [Jiyva's grace]
  7203 | D:8      | Found a glowing golden altar of the Shining One.
  7458 | D:8      | Found Geysumi's Antique Armour Shop.
  7473 | D:8      | Bought an embroidered scarf for 208 gold pieces
  7657 | D:9      | Found an opulent altar of Gozag.
  7766 | D:9      | Found a staircase to the Lair.
  7808 | D:9      | Found a transporter.
  7812 | D:9      | Found a transporter.
  7820 | D:9      | Found a transporter.
  7824 | D:9      | Found a transporter.
  7894 | D:9      | Found Matrupun's Assorted Antiques.
  7897 | D:9      | Bought a scroll of identify for 60 gold pieces
  7897 | D:9      | Bought 3 scrolls of identify for 180 gold pieces
  7897 | D:9      | Bought a scroll labelled WUTZAMOFOXIR for 30 gold pieces
  7901 | D:9      | Reached skill level 5 in Conjurations
  7901 | D:9      | Reached skill level 5 in Hexes
  7901 | D:9      | Reached skill level 5 in Summonings
  7901 | D:9      | Reached skill level 5 in Necromancy
  7901 | D:9      | Reached skill level 5 in Translocations
  7901 | D:9      | Reached skill level 5 in Fire Magic
  7901 | D:9      | Reached skill level 5 in Ice Magic
  7901 | D:9      | Reached skill level 5 in Air Magic
  7901 | D:9      | Reached skill level 5 in Earth Magic
  7901 | D:9      | Reached skill level 5 in Alchemy
  7901 | D:9      | Reached XP level 11. HP: 84/84 MP: 18/21
  7969 | D:9      | Noticed Erica
  8254 | D:9      | Killed Erica
  8255 | D:9      | Found Fadounk's Book Shop.
  8340 | D:9      | Found Osoqad Abar's Jewellery Boutique.
  8412 | D:9      | Found a transporter.
  8416 | D:9      | Found a transporter.
  8437 | D:9      | Found Mocenucs's Antique Weapon Shoppe.
  8546 | D:10     | Entered Level 10 of the Dungeon
  8621 | D:10     | Learned a level 3 spell: Tukima's Dance
  8624 | D:10     | Learned a level 2 spell: Scorch
  8912 | D:10     | Reached ****** piety under Jiyva
  8912 | D:10     | Gained mutation: You have a pair of small antennae on your
                  | head. [Jiyva's grace]
  8912 | D:10     | Gained mutation: You have a pair of antennae on your head.
                  | [Jiyva's grace]
  8912 | D:10     | Gained mutation: You have a pair of large antennae on your
                  | head. (SInv) [Jiyva's grace]
  8912 | D:10     | Gained mutation: Your rubbery body absorbs attacks. (AC +1,
                  | EV +1) [Jiyva's grace]
  8956 | D:10     | Found a staircase to the Orcish Mines.
  9307 | Lair:1   | Entered Level 1 of the Lair of Beasts
  9332 | Lair:1   | Reached XP level 12. HP: 91/91 MP: 22/22
  9623 | Lair:1   | Noticed a boulder beetle
  9647 | Lair:1   | Killed a boulder beetle
  9648 | Lair:1   | Reached skill level 10 in Unarmed Combat
 10042 | Lair:1   | Found a frozen archway.
 10051 | IceCv    | Entered an ice cave
 10097 | IceCv    | Learned a level 4 spell: Flame Wave
 10566 | IceCv    | Found an ancient bone altar of Kikubaaqudgha.
 10601 | IceCv    | Reached skill level 10 in Shapeshifting
 10601 | IceCv    | Reached XP level 13. HP: 29/99 MP: 21/25
 11348 | IceCv    | Got Sif Muna's Elucidation of Chilblains
 11354 | IceCv    | Got the Lectures on the Decaying Crevasse
 11657 | Lair:1   | Found the +8 arc blade {discharge, rElec}
 11882 | Lair:2   | Noticed Maggie
 11897 | Lair:2   | Killed Maggie
 12222 | Lair:2   | Noticed Amaemon
 12254 | Lair:2   | Killed Amaemon
 12404 | Lair:2   | Found a hole to the Spider Nest.
 12612 | Lair:2   | Reached skill level 10 in Dodging
 12916 | Lair:3   | Lost mutation: You are mostly covered in iridescent scales.
                  | (AC +4) [Jiyva's grace]
 12916 | Lair:3   | Lost mutation: Your rubbery body absorbs attacks. (AC +1,
                  | EV +1) [Jiyva's grace]
 12916 | Lair:3   | Gained mutation: You are strong-willed. (Will+) [Jiyva's
                  | grace]
 12916 | Lair:3   | Gained mutation: You are highly strong-willed. (Will++)
                  | [Jiyva's grace]
 12916 | Lair:3   | Gained mutation: You are extremely strong-willed. (Will+++)
                  | [Jiyva's grace]
 12916 | Lair:3   | Gained mutation: You have a small jelly attached to you
                  | that senses nearby items. [Jiyva's grace]
 12947 | Lair:3   | Found a staircase to the Swamp.
 13839 | Lair:3   | Reached XP level 14. HP: 108/108 MP: 27/27
 13854 | Lair:3   | Reached skill level 10 in Invocations
 14965 | Lair:4   | Lost mutation: You are partially covered in iridescent
                  | scales. (AC +2) [Jiyva's grace]
 14965 | Lair:4   | Lost mutation: You are extremely strong-willed. (Will+++)
                  | [Jiyva's grace]
 14965 | Lair:4   | Gained mutation: Your translucent skin reduces your foes'
                  | accuracy. (Stealth+) [Jiyva's grace]
 14965 | Lair:4   | Gained mutation: Your transparent skin significantly
                  | reduces your foes' accuracy. (Stealth+) [Jiyva's grace]
 14965 | Lair:4   | Gained mutation: You are partially covered in iridescent
                  | scales. (AC +2) [Jiyva's grace]
 14965 | Lair:4   | Gained mutation: You are mostly covered in iridescent
                  | scales. (AC +4) [Jiyva's grace]
 15671 | Lair:4   | Reached skill level 10 in Fighting
 15702 | Lair:5   | Entered Level 5 of the Lair of Beasts
 16100 | Lair:5   | Noticed Kirke
 16119 | Lair:5   | Killed Kirke
 16170 | Lair:5   | Found a staircase to the Slime Pits.
 16216 | Slime:1  | Entered Level 1 of the Pits of Slime
 16216 | Slime:1  | Noticed a quicksilver ooze
 16231 | Slime:1  | Noticed an azure jelly
 16249 | Slime:1  | Noticed an azure jelly
 16250 | Slime:1  | Noticed an acid blob
 16250 | Slime:1  | Noticed a rockslime
 16250 | Slime:1  | Noticed an acid blob
 16252 | Slime:1  | Noticed an acid blob
 16261 | Slime:2  | Noticed a quicksilver ooze
 16280 | Slime:4  | Noticed a rockslime
 16283 | Slime:4  | Noticed an acid blob
 16283 | Slime:4  | Noticed a rockslime
 16283 | Slime:4  | Noticed an azure jelly
 16286 | Slime:5  | Entered Level 5 of the Pits of Slime
 16286 | Slime:5  | Noticed an azure jelly
 16304 | Slime:5  | Noticed an acid blob
 16308 | Slime:5  | Identified the ring "Ettocaes" {rC+ Str+6 Dex+3}
 16316 | Slime:5  | Noticed a rockslime
 16319 | Slime:5  | Noticed a quicksilver ooze
 16329 | Slime:5  | Noticed an acid blob
 16333 | Slime:5  | Noticed an azure jelly
 16343 | Slime:5  | Identified the ring "Burphisk" {rC++ Will+ Str+4 Int-4
                  | Stlth+}
 16348 | Slime:5  | Got a starry gem with 470 turns to spare
 16350 | Slime:5  | Got a slimy rune of Zot
 16351 | Slime:5  | Identified the +5 halberd of the Fifty Realms {flame,
                  | Will++}
 16354 | Slime:5  | Identified the +5 war axe of the Wizarding Gods {venom,
                  | Int+4}
 16358 | Slime:5  | Noticed the Royal Jelly
 16360 | Slime:5  | Found a viscous altar of Jiyva.
 16364 | Slime:5  | Identified the +5 dagger of Watchfulness {protect, Fly}
 16367 | Slime:5  | Identified the +10 mace of Skirmishing {pain, *Corrode
                  | rElec rC+}
 16380 | Slime:5  | Identified the +0 scale mail of Oros {+Inv rElec}
 16408 | Slime:5  | Noticed an acid blob
 16551 | Slime:5  | Noticed a formless jellyfish
 16686 | Slime:5  | Noticed a formless jellyfish
 16807 | Slime:4  | Noticed a quicksilver ooze
 16807 | Slime:4  | Noticed an acid blob
 16830 | Slime:1  | Noticed a quicksilver ooze
 17360 | Lair:5   | Noticed a dire elephant
 17362 | Lair:5   | Noticed a dire elephant
 17381 | Lair:5   | Learned a level 4 spell: Summon Blazeheart Golem
 17386 | Lair:5   | Learned a level 4 spell: Summon Lightning Spire
 17391 | Lair:5   | Learned a level 4 spell: Airstrike
 17804 | Lair:5   | Killed a dire elephant
 17819 | Lair:5   | Killed a dire elephant
 18042 | Lair:5   | Reached skill level 10 in Short Blades
 18042 | Lair:5   | Reached skill level 10 in Long Blades
 18042 | Lair:5   | Reached skill level 10 in Axes
 18042 | Lair:5   | Reached skill level 10 in Maces & Flails
 18042 | Lair:5   | Reached skill level 10 in Polearms
 18042 | Lair:5   | Reached skill level 10 in Staves
 18042 | Lair:5   | Reached skill level 10 in Ranged Weapons
 18042 | Lair:5   | Reached skill level 10 in Throwing
 18042 | Lair:5   | Reached skill level 10 in Armour
 18042 | Lair:5   | Reached skill level 10 in Stealth
 18042 | Lair:5   | Reached skill level 10 in Shields
 18042 | Lair:5   | Reached skill level 10 in Spellcasting
 18042 | Lair:5   | Reached skill level 10 in Evocations
 18667 | Orc:1    | Entered Level 1 of the Orcish Mines
 18715 | Orc:1    | Reached XP level 15. HP: 117/117 MP: 29/29
 18822 | Orc:1    | Found Kuweum's Antique Armour Shoppe.
 19000 | Orc:2    | Entered Level 2 of the Orcish Mines
 19042 | Orc:2    | Noticed Rupert
 19056 | Orc:2    | Noticed Donald
 19182 | Orc:1    | Learned a level 5 spell: Yara's Violent Unravelling
 19328 | Orc:1    | Killed Donald
 19503 | D:9      | Bought a scroll of fear for 120 gold pieces
 19503 | D:9      | Bought a scroll of teleportation for 90 gold pieces
 19503 | D:9      | Bought a scroll of vulnerability for 120 gold pieces
 19569 | Orc:2    | Paralysed by Rupert for 5 turns
 19591 | Orc:2    | Killed Rupert
 19727 | Orc:2    | Noticed Jorgrun
 19751 | Orc:2    | Killed Jorgrun
 19866 | Orc:2    | Found Bolill's Book Emporium.
 19868 | Orc:2    | Found Fuoklecs's Armour Shop.
 19874 | Orc:2    | Bought a Fen Folio for 546 gold pieces
 19880 | Orc:2    | Learned a level 5 spell: Summon Forest
 19882 | Orc:2    | Found Wonol's Armour Shoppe.
 19883 | Orc:2    | Found Beunia's Antique Armour Shoppe.
 19888 | Orc:2    | Found a staircase to the Elven Halls.
 19945 | Orc:2    | Lost mutation: You have a pair of large antennae on your
                  | head. (SInv) [Jiyva's grace]
 19945 | Orc:2    | Lost mutation: You have a pair of antennae on your head.
                  | [Jiyva's grace]
 19945 | Orc:2    | Lost mutation: You have a pair of small antennae on your
                  | head. [Jiyva's grace]
 19945 | Orc:2    | Lost mutation: You are very agile. (Dex +8, Str/Int -2)
                  | [Jiyva's grace]
 19945 | Orc:2    | Lost mutation: You are highly strong-willed. (Will++)
                  | [Jiyva's grace]
 19945 | Orc:2    | Lost mutation: Your transparent skin significantly reduces
                  | your foes' accuracy. (Stealth+) [Jiyva's grace]
 19945 | Orc:2    | Lost mutation: Your translucent skin reduces your foes'
                  | accuracy. (Stealth+) [Jiyva's grace]
 19945 | Orc:2    | Lost mutation: You are covered in slimy tendrils that may
                  | disarm your opponents. [Jiyva's grace]
 19945 | Orc:2    | Gained mutation: You are covered in slimy tendrils that may
                  | disarm your opponents. [Jiyva's grace]
 19945 | Orc:2    | Gained mutation: You have acidic saliva. [Jiyva's grace]
 19945 | Orc:2    | Gained mutation: Your muscles are strong. (Str +4, Int/Dex
                  | -1) [Jiyva's grace]
 19945 | Orc:2    | Gained mutation: Your muscles are very strong. (Str +8,
                  | Int/Dex -2) [Jiyva's grace]
 20133 | Orc:2    | Found Qaunk's Armour Shop.
 20746 | D:11     | Found a flickering gateway to a bazaar.
 20754 | Bazaar   | Entered a bazaar
 20755 | Bazaar   | Found Saecripyenk's Jewellery Shop.
 20759 | Bazaar   | Found Tenecex's Jewellery Emporium.
 20771 | Bazaar   | Found Muk Kus's Antique Armour Emporium.
 20782 | Bazaar   | Found Joreuqe's Antique Armour Boutique.
 20801 | Bazaar   | Bought a ring of positive energy for 160 gold pieces
 20810 | Bazaar   | Found Koch's Antique Armour Emporium.
 21152 | D:12     | Noticed Gastronok
 21181 | D:12     | Killed Gastronok
 21624 | D:12     | Noticed Snorg
 21632 | D:12     | Killed Snorg
 22023 | D:13     | Lost mutation: Your muscles are very strong. (Str +8,
                  | Int/Dex -2) [Jiyva's grace]
 22023 | D:13     | Lost mutation: Your translucent skin slightly reduces your
                  | foes' accuracy. (Stealth+) [Jiyva's grace]
 22023 | D:13     | Lost mutation: You are covered in slimy tendrils that may
                  | disarm your opponents. [Jiyva's grace]
 22023 | D:13     | Gained mutation: Your body has grown eyes which may confuse
                  | attackers. (Acc +3) [Jiyva's grace]
 22023 | D:13     | Gained mutation: Your body has grown many eyes which may
                  | confuse attackers. (Acc +5) [Jiyva's grace]
 22023 | D:13     | Gained mutation: Your body is covered in eyes which may
                  | confuse attackers. (Acc +7, SInv) [Jiyva's grace]
 22023 | D:13     | Gained mutation: Your translucent skin slightly reduces
                  | your foes' accuracy. (Stealth+) [Jiyva's grace]
 22391 | D:13     | Reached XP level 16. HP: 125/125 MP: 27/30
 23252 | D:14     | Found a radiant altar of Vehumet.
 23970 | D:14     | Found a gate to the Vaults.
 24530 | D:15     | Entered Level 15 of the Dungeon
 24549 | D:15     | Lost mutation: You have acidic saliva. [Jiyva's grace]
 24549 | D:15     | Gained mutation: Armour fits poorly on your pseudopods.
                  | [Jiyva's grace]
 24549 | D:15     | Gained mutation: Armour fits poorly on your large
                  | pseudopods. [Jiyva's grace]
 24549 | D:15     | Gained mutation: Armour fits poorly on your massive
                  | pseudopods. [Jiyva's grace]
 24549 | D:15     | Gained mutation: Your muscles are very strong. (Str +8,
                  | Int/Dex -2) [Jiyva's grace]
 24582 | D:15     | Found Soemmox's Weapon Shoppe.
 24689 | D:15     | Found a gate leading to a gauntlet.
 24701 | Gauntlet | Entered a Gauntlet
 24701 | Gauntlet | Found a transporter.
 24701 | Gauntlet | Found a transporter.
 24709 | Gauntlet | Learned a level 6 spell: Summon Cactus Giant
 24712 | Gauntlet | Found a transporter.
 24719 | Gauntlet | Found a transporter.
 24734 | Gauntlet | Found a transporter.
 24741 | Gauntlet | Found a transporter.
 24762 | Gauntlet | Found a transporter.
 24767 | Gauntlet | Found a transporter.
 24772 | Gauntlet | Found a transporter.
 24774 | Gauntlet | Found a transporter.
 24798 | Gauntlet | Found a transporter.
 24858 | Gauntlet | Found a transporter.
 24872 | Gauntlet | Found a transporter.
 24972 | Gauntlet | Found a transporter.
 24986 | Gauntlet | Found a transporter.
 24999 | Gauntlet | Found a transporter.
 25232 | Gauntlet | Identified the +1 cloak of Icsempi {rCorr}
 25419 | Gauntlet | Found the +7 captain's cutlass {speed, disarm}
 26052 | D:15     | Found a staircase to the Depths.
 26246 | D:15     | Upgraded the game from 0.32-a0-685-g93135e86f0 to
                  | 0.32-a0-699-g1ee5eff69a
 26481 | Spider:1 | Entered Level 1 of the Spider Nest
 26544 | Spider:1 | Identified the +8 short sword of Kiseph {flame, Fly rN+}
 27247 | Spider:1 | Reached XP level 17. HP: 105/133 MP: 30/32
 27722 | Spider:1 | Found a transporter.
 27723 | Spider:1 | Lost mutation: Your muscles are very strong. (Str +8,
                  | Int/Dex -2) [Jiyva's grace]
 27723 | Spider:1 | Lost mutation: Your body is covered in eyes which may
                  | confuse attackers. (Acc +7, SInv) [Jiyva's grace]
 27723 | Spider:1 | Lost mutation: Armour fits poorly on your massive
                  | pseudopods. [Jiyva's grace]
 27723 | Spider:1 | Lost mutation: Your translucent skin slightly reduces your
                  | foes' accuracy. (Stealth+) [Jiyva's grace]
 27723 | Spider:1 | Gained mutation: You expend magic power (3 MP) to
                  | strengthen your wands. [Jiyva's grace]
 27723 | Spider:1 | Gained mutation: Your system is resistant to poisons.
                  | (rPois) [Jiyva's grace]
 27723 | Spider:1 | Gained mutation: Your rubbery body absorbs attacks. (AC +1,
                  | EV +1) [Jiyva's grace]
 27723 | Spider:1 | Gained mutation: Your pliable body absorbs attacks. (AC +2,
                  | EV +2) [Jiyva's grace]
 27724 | Spider:1 | Found a transporter.
 27873 | Spider:1 | Reached skill level 10 in Conjurations
 27873 | Spider:1 | Reached skill level 10 in Hexes
 27873 | Spider:1 | Reached skill level 10 in Summonings
 27873 | Spider:1 | Reached skill level 10 in Necromancy
 27873 | Spider:1 | Reached skill level 10 in Translocations
 27873 | Spider:1 | Reached skill level 10 in Fire Magic
 27873 | Spider:1 | Reached skill level 10 in Ice Magic
 27873 | Spider:1 | Reached skill level 10 in Air Magic
 27873 | Spider:1 | Reached skill level 10 in Earth Magic
 27873 | Spider:1 | Reached skill level 10 in Alchemy
 27977 | Spider:2 | Identified the serpent talisman "Vatheif" {rF+ rN++ Dex+3}
 27977 | Spider:2 | Noticed Aizul
 27993 | Spider:2 | Killed Aizul
 28342 | Spider:2 | Noticed Agnes
 28359 | Spider:2 | Killed Agnes
 28673 | Spider:2 | Noticed Mlioglotl
 28687 | Spider:2 | Killed Mlioglotl
 30077 | Spider:3 | Noticed Azrael
 30084 | Spider:3 | Killed Azrael
 30281 | Spider:3 | Lost mutation: You have a small jelly attached to you that
                  | senses nearby items. [Jiyva's grace]
 30281 | Spider:3 | Gained mutation: You have a small jelly attached to you
                  | that may absorb projectiles. [Jiyva's grace]
 30281 | Spider:3 | Gained mutation: You have a pair of small horns on your
                  | head. [Jiyva's grace]
 30281 | Spider:3 | Gained mutation: You have a pair of horns on your head.
                  | [Jiyva's grace]
 30281 | Spider:3 | Gained mutation: You have a pair of large horns on your
                  | head. [Jiyva's grace]
 30560 | Spider:4 | Entered Level 4 of the Spider Nest
 30930 | Spider:4 | Reached XP level 18. HP: 142/142 MP: 32/34
 32208 | Spider:4 | Got a gossamer rune of Zot
 32678 | Swamp:1  | Entered Level 1 of the Swamp
 33353 | Swamp:1  | Found a runed translucent gate.
 33353 | Swamp:1  | Found a runed translucent gate.
 33354 | Swamp:1  | Found a runed translucent gate.
 33354 | Swamp:1  | Noticed Leufodd's ghost (adept VSCK)
 33356 | Swamp:1  | Noticed Vioczuc's ghost (adept TrCK)
 35008 | Swamp:2  | Lost mutation: You have a pair of large horns on your head.
                  | [Jiyva's grace]
 35008 | Swamp:2  | Lost mutation: You are agile. (Dex +4, Str/Int -1) [Jiyva's
                  | grace]
 35008 | Swamp:2  | Lost mutation: Your system is resistant to poisons. (rPois)
                  | [Jiyva's grace]
 35008 | Swamp:2  | Lost mutation: Armour fits poorly on your large pseudopods.
                  | [Jiyva's grace]
 35008 | Swamp:2  | Gained mutation: You are completely covered in iridescent
                  | scales. (AC +6) [Jiyva's grace]
 35008 | Swamp:2  | Gained mutation: Your translucent skin slightly reduces
                  | your foes' accuracy. (Stealth+) [Jiyva's grace]
 35008 | Swamp:2  | Gained mutation: Your translucent skin reduces your foes'
                  | accuracy. (Stealth+) [Jiyva's grace]
 35008 | Swamp:2  | Gained mutation: Your transparent skin significantly
                  | reduces your foes' accuracy. (Stealth+) [Jiyva's grace]
 35654 | Swamp:4  | Entered Level 4 of the Swamp
 35697 | Swamp:4  | Noticed Nikola
 35729 | Swamp:4  | Noticed a tentacled monstrosity
 35777 | Swamp:4  | Reached XP level 19. HP: 147/150 MP: 36/36
 35780 | Swamp:4  | Killed a tentacled monstrosity
 36063 | Swamp:4  | Killed Nikola
 36479 | Swamp:4  | Got a decaying rune of Zot
 36934 | Elf:1    | Entered Level 1 of the Elven Halls
 37142 | Elf:1    | Found Olycopp's Armour Boutique.
 37199 | Elf:1    | Lost mutation: You have a pair of horns on your head.
                  | [Jiyva's grace]
 37199 | Elf:1    | Lost mutation: You are strong-willed. (Will+) [Jiyva's
                  | grace]
 37199 | Elf:1    | Lost mutation: Your body has grown many eyes which may
                  | confuse attackers. (Acc +5) [Jiyva's grace]
 37199 | Elf:1    | Gained mutation: You are covered in slimy tendrils that may
                  | disarm your opponents. [Jiyva's grace]
 37199 | Elf:1    | Gained mutation: Your mind is very acute. (Int +8, Str/Dex
                  | -2) [Jiyva's grace]
 37199 | Elf:1    | Gained mutation: You passively map a small area around you.
                  | [Jiyva's grace]
 37199 | Elf:1    | Gained mutation: You passively map the area around you.
                  | [Jiyva's grace]
 37199 | Elf:1    | Found Lanoneis's Antique Armour Boutique.
 37411 | Elf:1    | Paralysed by an air elemental for 1 turns
 37498 | Elf:1    | Noticed Roxanne
 37520 | Elf:1    | Killed Roxanne
 37953 | Elf:2    | Reached skill level 15 in Unarmed Combat
 38181 | Elf:2    | Found a radiant altar of Vehumet.
 38261 | Elf:2    | Found a radiant altar of Vehumet.
 38584 | Elf:2    | Found a runed translucent gate.
 38588 | Elf:2    | Found a runed translucent gate.
 38588 | Elf:2    | Found a runed translucent gate.
 38675 | Elf:2    | Reached skill level 15 in Invocations
 38816 | Elf:2    | Found Byme's Book Shoppe.
 38817 | Elf:2    | Found Coechil's Jewellery Shop.
 38818 | Elf:2    | Found Gyvemp's Book Shoppe.
 38824 | Elf:2    | Bought a book of Vapours for 546 gold pieces
 38828 | Elf:2    | Learned a level 3 spell: Mephitic Cloud
 39268 | Elf:2    | Noticed Louise
 39271 | Elf:2    | Reached XP level 20. HP: 159/159 MP: 35/37
 39291 | Elf:2    | Killed Louise
 39315 | Abyss:4  | Cast into level 4 of the Abyss (+2 hand axe of distortion)
 39387 | Abyss:4  | Paralysed by accursed screaming for 1 turns
 39562 | Abyss:4  | Got an abyssal rune of Zot
 39604 | Abyss:4  | Lost mutation: You are completely covered in iridescent
                  | scales. (AC +6) [Jiyva's grace]
 39604 | Abyss:4  | Lost mutation: Your mind is very acute. (Int +8, Str/Dex
                  | -2) [Jiyva's grace]
 39604 | Abyss:4  | Lost mutation: Your muscles are strong. (Str +4, Int/Dex
                  | -1) [Jiyva's grace]
 39604 | Abyss:4  | Lost mutation: Your body has grown eyes which may confuse
                  | attackers. (Acc +3) [Jiyva's grace]
 39604 | Abyss:4  | Lost mutation: Armour fits poorly on your pseudopods.
                  | [Jiyva's grace]
 39604 | Abyss:4  | Lost mutation: Your transparent skin significantly reduces
                  | your foes' accuracy. (Stealth+) [Jiyva's grace]
 39604 | Abyss:4  | Lost mutation: You have a small jelly attached to you that
                  | may absorb projectiles. [Jiyva's grace]
 39604 | Abyss:4  | Lost mutation: You expend magic power (3 MP) to strengthen
                  | your wands. [Jiyva's grace]
 39604 | Abyss:4  | Gained mutation: You expend magic power (3 MP) to
                  | strengthen your wands. [Jiyva's grace]
 39604 | Abyss:4  | Gained mutation: Your movements are slightly less
                  | encumbered by armour. (ER -2) [Jiyva's grace]
 39604 | Abyss:4  | Gained mutation: Your movements are less encumbered by
                  | armour. (ER -4) [Jiyva's grace]
 39604 | Abyss:4  | Gained mutation: Your movements are significantly less
                  | encumbered by armour. (ER -6) [Jiyva's grace]
 39621 | Elf:2    | Escaped the Abyss
 40520 | Elf:3    | Entered Level 3 of the Elven Halls
 40520 | Elf:3    | Found Siucumov's Magic Scroll Shoppe.
 40525 | Elf:3    | Learned a level 2 spell: Blink
 41158 | Elf:3    | Was placed under penance by Jiyva
 41665 | Elf:3    | Identified the ring "Toisih Leys" {rPois Dex+3}
 41687 | Elf:3    | Identified the +11 trident of Zuylieb {freeze, Str+6}
 41687 | Elf:3    | Identified the +1 robe "Egidur" {Str-5 Int+2 SInv}
 41696 | Elf:3    | Reached skill level 15 in Dodging
 42301 | Elf:3    | Was forgiven by Jiyva
 42623 | Elf:3    | Got the Tome of the Vertex
 42627 | Elf:3    | Identified the +1 helmet of Periwinkles {rN++ Str-4 Dex+2
                  | Slay+3}
 42634 | Elf:3    | Identified the +2 spear "Xouxzytuve" {flame, Fly rElec rF-
                  | Str+3}
 43011 | Elf:2    | Found an ancient bone altar of Kikubaaqudgha.
 43289 | D:14     | Learned a level 7 spell: Malign Gateway
 43290 | Vaults:1 | Entered Level 1 of the Vaults
 43620 | Vaults:1 | Noticed Asterion
 43636 | Vaults:1 | Killed Asterion
 44021 | Vaults:1 | Lost mutation: You are mostly covered in iridescent scales.
                  | (AC +4) [Jiyva's grace]
 44021 | Vaults:1 | Lost mutation: Your mind is acute. (Int +4, Str/Dex -1)
                  | [Jiyva's grace]
 44021 | Vaults:1 | Lost mutation: You passively map the area around you.
                  | [Jiyva's grace]
 44021 | Vaults:1 | Lost mutation: Your translucent skin reduces your foes'
                  | accuracy. (Stealth+) [Jiyva's grace]
 44021 | Vaults:1 | Gained mutation: Your melee attacks may engulf your foes in
                  | ooze. [Jiyva's grace]
 44021 | Vaults:1 | Gained mutation: You are mostly covered in iridescent
                  | scales. (AC +4) [Jiyva's grace]
 44021 | Vaults:1 | Gained mutation: You are completely covered in iridescent
                  | scales. (AC +6) [Jiyva's grace]
 44021 | Vaults:1 | Gained mutation: Your system is resistant to poisons.
                  | (rPois) [Jiyva's grace]
 44492 | Vaults:1 | Reached XP level 21. HP: 167/167 MP: 36/39
 44493 | Vaults:1 | Reached skill level 15 in Fighting
 45108 | Vaults:2 | You fall into a shaft and drop 1 floor!
 45281 | Vaults:3 | Reached skill level 15 in Shapeshifting
 45813 | Vaults:2 | Reached skill level 15 in Short Blades
 45813 | Vaults:2 | Reached skill level 15 in Long Blades
 45813 | Vaults:2 | Reached skill level 15 in Axes
 45813 | Vaults:2 | Reached skill level 15 in Maces & Flails
 45813 | Vaults:2 | Reached skill level 15 in Polearms
 45813 | Vaults:2 | Reached skill level 15 in Staves
 45813 | Vaults:2 | Reached skill level 15 in Ranged Weapons
 45813 | Vaults:2 | Reached skill level 15 in Throwing
 45813 | Vaults:2 | Reached skill level 15 in Armour
 45813 | Vaults:2 | Reached skill level 15 in Stealth
 45813 | Vaults:2 | Reached skill level 15 in Shields
 45813 | Vaults:2 | Reached skill level 15 in Spellcasting
 45813 | Vaults:2 | Reached skill level 15 in Evocations
 45841 | Vaults:2 | Found a staircase to the Crypt.
 46614 | Vaults:2 | Lost mutation: You have a pair of small horns on your head.
                  | [Jiyva's grace]
 46614 | Vaults:2 | Lost mutation: You are completely covered in iridescent
                  | scales. (AC +6) [Jiyva's grace]
 46614 | Vaults:2 | Lost mutation: Your system is resistant to poisons. (rPois)
                  | [Jiyva's grace]
 46614 | Vaults:2 | Lost mutation: You are covered in slimy tendrils that may
                  | disarm your opponents. [Jiyva's grace]
 46614 | Vaults:2 | Lost mutation: Your movements are significantly less
                  | encumbered by armour. (ER -6) [Jiyva's grace]
 46614 | Vaults:2 | Gained mutation: You have acidic saliva. [Jiyva's grace]
 46614 | Vaults:2 | Gained mutation: You are covered in slimy tendrils that may
                  | disarm your opponents. [Jiyva's grace]
 46614 | Vaults:2 | Gained mutation: Your gelatinous body deflects attacks. (AC
                  | +3, EV +3) [Jiyva's grace]
 46614 | Vaults:2 | Gained mutation: Your body has grown eyes which may confuse
                  | attackers. (Acc +3) [Jiyva's grace]
 48027 | Vaults:4 | Reached XP level 22. HP: 158/178 MP: 41/41
 48265 | Vaults:4 | HP: 4/214 [vault warden/+0 glaive (35)]
 48265 | Vaults:4 | Mangled by a vault guard

Illustrated notes

Levels and vault maps discovered:
D:1:      dpeg_arrival_round_c, layout_basic
D:2:      cheibrodos_pilgrimage, layout_basic, minmay_misc_feat_room,
          uniq_jessica
D:3:      cheibrodos_greedy_goblins, layout_basic, trog_book,
          portal_sewer_entry_f
D:4:      layout_basic, temple_fountains, nrook_mini_backslash, hex_large,
          amcnicky_mini_corridor_feature
D:5:      layout_basic, minitemple
D:6:      minmay_polygon_palace, layout_rooms, minmay_misc_feat_cross
D:7:      layout_gridville, enter_bailey_4, kennysheep_opposing_triangles
D:8:      layout_rooms, mainiacjoe_overflow_tiny_flanked, serial_shops, shop,
          hangedman_minor_gate_pass
D:9:      layout_gridville, amcnicky_altar_gilded, dpeg_oklobed_lair,
          serial_shops, shop, nicolae_shop_window_shopping,
          nicolae_shop_hallway_stairs, kennysheep_mini, serial_nicolae_subway,
          nicolae_sub_station_stone, nicolae_sub_station_crystal,
          nicolae_sub_station_metal, uniq_erica
D:10:     layout_basic, orc_0_dummy, blue_anna_alchemist
D:11:     layout_basic, serial_shops, bzr_entry_road, grunt_ministairs_8
D:12:     layout_basic, uniq_snorg, uniq_gastronok
D:13:     layout_basic, nicolae_looking_at_the_future
D:14:     layout_stronghold, erik_vaults_2, lemuel_coloured_pillars_altar
D:15:     grunt_enter_depths_snipers, layout_loops_ring, serial_shops, shop,
          grunt_decor_fettered, gauntlet_entry_generic
Lair:1:   layout_loops_ring, portal_ice_cave_entry_pillars_2,
          grunt_forest_stairs_basic, grunt_megastairs_4
Lair:2:   layout_chaotic_city, spider_nest_entry_web_field, grunt_megastairs_2,
          uniq_maggie, uniq_amaemon
Lair:3:   layout_regular_city, minmay_swamp_entry_worms, grunt_megastairs_1,
          infiniplex_staircase_pool, lemuel_fruit_fields
Lair:4:   beast_lair_carwin_large_2, layout_cave_pods, enter_volcano_3
Lair:5:   due_jungle_book, layout_cave_pods, minmay_slime_entry_pillars,
          serial_bayou_shore_a, lemuel_fruit_fields, uniq_kirke
Swamp:1:  nicolae_swamp_standing_stones, layout_falls_marsh,
          gammafunk_ghost_cemetery, hangedman_swamp_ruin_wall
Swamp:2:  nicolae_swamp_phyte_club, layout_basic_swamp,
          nicolae_swamp_well_well_well, swamp_pool_1_2
Swamp:3:  layout_falls_marsh, nicolae_swamp_round_clearing
Swamp:4:  swamp_vile, layout_basic_swamp, uniq_nikola
Spider:1: gammafunk_boulding_lane, nicolae_spider_orb_run
Spider:2: layout_spider_delve, drop_trap, beargit_elvish_explorers, uniq_agnes,
          uniq_mlioglotl, uniq_aizul
Spider:3: layout_chambers, uniq_azrael
Spider:4: grunt_spider_rune_island
Slime:1:  layout_caves, cheibrodos_slime_lost_civilization_6
Slime:2:  layout_caves
Slime:3:  layout_caves, nicolae_slime_welcoming_committee
Slime:4:  layout_caves
Slime:5:  slime_pit_nicolae_jellycorners
Orc:1:    layout_diamond_mine, serial_shops, shop
Orc:2:    st_orc_open, layout_caves, serial_shops,
          nicolae_shop_getting_attention, nicolae_orc_flooded_monolith,
          library_closet, uniq_rupert, uniq_donald, uniq_jorgrun
Elf:1:    minmay_elf_arrival_summoners, layout_geoelf_diagonals, serial_shops,
          shop_fountains, kilobyte_rumbling_trees, minmay_shop_star,
          uniq_roxanne
Elf:2:    elven_hall_of_blades_hangedman_original [nicolae_blade_tridents],
          layout_gridlike, hangedman_feature_mirror, lemuel_upstairs_altar,
          minmay_shop_grove, uniq_louise
Elf:3:    minmay_elf_hall_spiked, layout_gridlike, serial_shops,
          nicolae_shop_hallway_stairs
Vaults:1: nicolae_vaults_little_squares_5, v_pattern_4, v_alt_pattern_1,
          nicolae_vaults_stepped_doors, dpeg_vaults_monster_box,
          nicolae_vaults_closet_pinwheel_1, vaults_room_pool,
          vaults_dpeg_diagonal, layout_vaults_omnigrid, uniq_asterion
Vaults:2: nicolae_vaults_lightning_bolt, vaults_room_pools,
          minmay_crypt_entry_simple_round, nicolae_vaults_disjoint_gnomons,
          nicolae_vaults_little_squares_2, ontoclasm_vaults_idyll,
          nicolae_vaults_network_quincunx
          [nicolae_vaults_network_quincunx_subvault,
          nicolae_vaults_network_quincunx_subvault,
          nicolae_vaults_network_quincunx_subvault,
          nicolae_vaults_network_quincunx_subvault,
          nicolae_vaults_network_quincunx_subvault], vaults_room_stairs_pillars,
          vaults_room_grunt_arrival_checkpoint, grunt_vaults_swirl,
          hangedman_vaults_nails, v_pattern_2, layout_vaults_maze_bifur
Vaults:3: nicolae_vaults_little_squares_1, v_misc_3, v_misc_11,
          nicolae_vaults_trapezoid_lopsided_2, st_cells, v_misc_28,
          nicolae_vaults_tetromino_L_1, ontoclasm_vaults_gateway,
          hangedman_vaults_restitches, v_rooms_4, nicolae_vaults_what_the_h,
          v_misc_19, nicolae_vaults_storage_room_doors, v_misc_24,
          nicolae_vaults_circle_grid_a, layout_vaults_omnicross
Vaults:4: vaults_room_pool, v_alt_pattern_6, ontoclasm_vaults_hangar,
          vaults_mumra_minichess_inversion, hangedman_vaults_unwind,
          nicolae_vaults_security_offices_5, nicolae_vaults_closet_pinwheel_3,
          nicolae_vaults_house_3, ontoclasm_vaults_ring_small,
          ontoclasm_vaults_idyll, nicolae_vaults_offset_grid_hallway_3,
          nicolae_vaults_closet_pinwheel_4, nicolae_vaults_six-pack, v_misc_19,
          layout_vaults_ring, uniq_margery

Skill      XL: |  1  2  3  4  5  6  7  8  9 10 11 12 13 14 15 16 17 18 19 20 21 22 |
---------------+-------------------------------------------------------------------+-----
Invocations    | 1 2 3 4 5 7 8 9 10 11 12 13 14 15 16 | 16.6
Short Blades   | 1 2 3 5 6 7 8 9 10 11 12 13 14 15 | 15.4
Long Blades    | 1 2 3 5 6 7 8 9 10 11 12 13 14 15 | 15.4
Axes           | 1 2 3 5 6 7 8 9 10 11 12 13 14 15 | 15.4
Maces & Flails | 1 2 3 5 6 7 8 9 10 11 12 13 14 15 | 15.4
Polearms       | 1 2 3 5 6 7 8 9 10 11 12 13 14 15 | 15.4
Staves         | 1 2 3 5 6 7 8 9 10 11 12 13 14 15 | 15.4
Ranged Weapons | 1 2 3 5 6 7 8 9 10 11 12 13 14 15 | 15.4
Throwing       | 1 2 3 5 6 7 8 9 10 11 12 13 14 15 | 15.4
Armour         | 1 2 3 5 6 7 8 9 10 11 12 13 14 15 | 15.4
Stealth        | 1 2 3 5 6 7 8 9 10 11 12 13 14 15 | 15.4
Shields        | 1 2 3 5 6 7 8 9 10 11 12 13 14 15 | 15.4
Spellcasting   | 1 2 3 5 6 7 8 9 10 11 12 13 14 15 | 15.4
Evocations     | 1 2 3 5 6 7 8 9 10 11 12 13 14 15 | 15.4
Conjurations   | 1 2 3 4 5 6 7 8 9 10 11 12 13 | 13.1
Hexes          | 1 2 3 4 5 6 7 8 9 10 11 12 13 | 13.1
Summonings     | 1 2 3 4 5 6 7 8 9 10 11 12 13 | 13.1
Necromancy     | 1 2 3 4 5 6 7 8 9 10 11 12 13 | 13.1
Translocations | 1 2 3 4 5 6 7 8 9 10 11 12 13 | 13.1
Fire Magic     | 1 2 3 4 5 6 7 8 9 10 11 12 13 | 13.1
Ice Magic      | 1 2 3 4 5 6 7 8 9 10 11 12 13 | 13.1
Air Magic      | 1 2 3 4 5 6 7 8 9 10 11 12 13 | 13.1
Earth Magic    | 1 2 3 4 5 6 7 8 9 10 11 12 13 | 13.1
Alchemy        | 1 2 3 4 5 6 7 8 9 10 11 12 13 | 13.1
Fighting       | 3 4 5 7 8 9 10 11 12 13 14 16 | 16.4
Dodging        | 5 6 8 9 10 11 12 13 14 15 16 | 16.0
Unarmed Combat | 7 8 9 10 11 12 13 14 15 16 | 16.5
Shapeshifting  | 7 8 9 10 11 12 13 14 15 | 15.5

Action                     |  1- 3 |  4- 6 |  7- 9 | 10-12 | 13-15 | 16-18 | 19-21 | 22-24 || total
---------------------------+-------+-------+-------+-------+-------+-------+-------+-------++-------
  Melee: Unarmed           |    38 |   189 |   359 |   617 |  1401 |   789 |   746 |    24 ||  4163
         Bite              |     5 |    17 |    55 |    96 |   269 |    47 |       |       ||   489
         Punch             |     1 |     4 |       |       |       |       |       |       ||     5
         Pseudopods        |       |       |       |       |       |    59 |       |       ||    59
         Constrict         |       |       |       |       |       |   120 |   167 |     6 ||   293
   Cast: Scorch            |       |       |       |    15 |    10 |     2 |     3 |       ||    30
         Tukima's Dance    |       |       |       |     1 |     4 |     1 |       |       ||     6
         Flame Wave        |       |       |       |     5 |       |     1 |       |       ||     6
         Summon Blazeheart |       |       |       |       |    46 |    45 |     3 |       ||    94
         Summon Lightning  |       |       |       |       |    39 |    95 |    41 |     2 ||   177
         Airstrike         |       |       |       |       |     7 |    24 |    36 |       ||    67
         Yara's Violent Un |       |       |       |       |     4 |       |    24 |       ||    28
         Summon Forest     |       |       |       |       |     3 |    60 |    35 |     1 ||    99
         Summon Cactus Gia |       |       |       |       |       |    50 |    52 |       ||   102
         Mephitic Cloud    |       |       |       |       |       |       |    76 |     5 ||    81
         Malign Gateway    |       |       |       |       |       |       |    23 |     5 ||    28
         Blink             |       |       |       |       |       |       |     1 |       ||     1
 Invoke: Oozemancy         |       |       |       |       |       |     2 |       |       ||     2
  Evoke: Wand              |       |       |       |     2 |     5 |     1 |       |       ||     8
    Use: Scroll            |       |     2 |     3 |    18 |     8 |     8 |     9 |     1 ||    49
         Potion            |       |       |     1 |     4 |     3 |     3 |     9 |     6 ||    26
   Stab: Sleeping          |     3 |       |     2 |     1 |     7 |    10 |     7 |       ||    30
         Distracted        |       |       |       |     2 |     4 |    17 |     5 |     1 ||    29
         Petrified         |       |       |       |       |     3 |       |       |       ||     3
         Petrifying        |       |       |       |       |     1 |       |       |       ||     1
         Confused          |       |       |       |       |       |    11 |    40 |     2 ||    53
         Invisible         |       |       |       |       |       |       |     5 |       ||     5
 Armour: Animal skin       |    21 |    22 |       |       |       |       |       |       ||    43
         Skin              |       |    19 |   155 |   177 |   325 |   541 |   583 |    30 ||  1830
  Dodge: Dodged            |    19 |   150 |   386 |   687 |  1673 |   919 |   687 |    32 ||  4553
  Block: Other             |       |       |       |   102 |   300 |    67 |       |       ||   469
         Reflection        |       |       |       |     1 |     4 |     1 |       |       ||     6
   Form: Flux              |       |     1 |       |       |       |     1 |       |       ||     2
                           |       |       |       |       |       |     1 |       |       ||     1
         Serpent           |       |       |       |       |       |     1 |       |       ||     1

Table legend: (Time is in decaauts)
 A = Elapsed time spent in this place.
 B = Non-inter-level travel time spent in this place.
 C = Inter-level travel time spent in this place.
 D = Time resting spent in this place.
 E = Time spent auto-exploring this place.
 F = Levels seen in this place.
 G = Mean time per level.
                   A        B        C        D        E       F      G
               +--------+--------+--------+--------+--------+-----+--------+
         Total |  47587 |  44586 |   3001 |  10264 |  20994 |  48 |  991.4 |
       Dungeon |  13611 |  12645 |    966 |   1724 |   8259 |  15 |  907.4 |
          Lair |   7740 |   6813 |    927 |   1244 |   3106 |   5 | 1548.0 |
         Swamp |   3405 |   3182 |    223 |    611 |   1515 |   4 |  851.2 |
   Spider Nest |   6009 |   5642 |    367 |   1731 |   2028 |   4 | 1502.2 |
    Slime Pits |    640 |    551 |     89 |      0 |    427 |   5 |  128.0 |
  Orcish Mines |   1568 |   1437 |    131 |    120 |    621 |   2 |  784.0 |
   Elven Halls |   5816 |   5570 |    246 |   1950 |   2308 |   3 | 1938.7 |
        Vaults |   4877 |   4829 |     48 |   1292 |   2274 |   4 | 1219.2 |
         Abyss |    265 |    265 |      0 |     11 |      0 |   1 |  265.0 |
        Bazaar |     87 |     87 |      0 |      0 |     16 |   1 |   87.0 |
         Sewer |   1187 |   1187 |      0 |    833 |     32 |   1 | 1187.0 |
        Bailey |    138 |    138 |      0 |      4 |     31 |   1 |  138.0 |
      Ice Cave |   1464 |   1464 |      0 |    638 |    150 |   1 | 1464.0 |
      Gauntlet |    773 |    773 |      0 |    104 |    226 |   1 |  773.0 |
               +--------+--------+--------+--------+--------+-----+--------+

Top non-repeatable levels by time:
   Elf:3: 2472 daAuts
   Elf:2: 2273 daAuts
  Lair:5: 2213 daAuts
Spider:3: 2022 daAuts
  Lair:3: 1634 daAuts
Vaults:3: 1589 daAuts
Spider:4: 1587 daAuts
Spider:1: 1575 daAuts
  Lair:4: 1573 daAuts
Vaults:1: 1551 daAuts
    D:14: 1518 daAuts
   IceCv: 1464 daAuts
Vaults:2: 1446 daAuts
    D:13: 1274 daAuts
  Lair:2: 1266 daAuts
